 Dungeon Crawl Stone Soup version 0.28.0-49-g6dfe1f597d (webtiles) character file.

Game seed: 17574175011646986282

3 spiecas the Poker (level 1, -1/16 HPs)
             Began as a Merfolk Gladiator on May 16, 2022.
             Slain by a quokka (3 damage)
             ... on level 2 of the Dungeon.
             The game lasted 00:00:43 (327 turns).

spiecas the Poker (Merfolk Gladiator)                Turns: 327, Time: 00:00:43

Health: -1/16      AC:  4    Str: 14    XL:     1   Next: 50%
Magic:  1/1        EV: 13    Int:  7    God:
Gold:   7          SH:  0    Dex: 15    Spells: 0/0 levels left

rFire   . . .      SeeInvis .   a - +0 trident
rCold   . . .      Faith    .   (no shield)
rNeg    . . .      Spirit   .   b - +0 leather armour
rPois   .          Reflect  .   c - +0 helmet
rElec   .          Harm     .   (no cloak)
rCorr   .          Rampage  .   (no gloves)
Will    .....                   (no boots)
Stlth   +.........              (no amulet)
HPRegen 0.05/turn               (no ring)
MPRegen 0.07/turn               (no ring)

@: no status effects
A: (nimble swimmer 2), mertail
a: no special abilities


You were on level 2 of the Dungeon.
You visited 1 branch of the dungeon, and saw 2 of its levels.

You collected 7 gold pieces.

Inventory:

Hand Weapons
 a - a +0 trident (weapon)
 f - a +0 dagger
Missiles
 d - 3 throwing nets (quivered)
Armour
 b - a +0 leather armour (worn)
 c - a +0 helmet (worn)
Scrolls
 e - a scroll of identify {unknown}


   Skills:
 + Level 2.1 Fighting
 + Level 4.7 Polearms
 + Level 2.0 Throwing
 + Level 4.0 Dodging


You couldn't memorise any spells.
You didn't know any spells.
Your spell library was empty.

Dungeon Overview and Level Annotations

Branches:
Dungeon (2/15)

Altars:


Innate Abilities, Weirdness & Mutations

((You are very nimble when in or above water. (Stealth+, EV+, Speed+++)))
Your lower body shifts to a powerful aquatic tail in water.


Message History

* * * LOW HITPOINT WARNING * * *
The bat barely misses you. The bat barely misses you.
The goblin barely misses you. The bat hits you but does no damage.
The bat barely misses you.
You miss the bat. You punch the bat.
You kill the bat!
The bat hits you but does no damage. The bat closely misses you.
The goblin hits you but does no damage.
Found a stone staircase leading down.
The bat hits you but does no damage. The bat hits you but does no damage.
The bat hits you but does no damage. The bat barely misses you.
The bat barely misses you. The bat hits you but does no damage.
The bat hits you but does no damage. The bat misses you.
The bat hits you but does no damage.
There is a stone staircase leading down here.
The bat barely misses you.
You climb downwards.
There is a stone staircase leading up here.
You start resting.
HP restored.
You climb upwards.
The quokka misses you. The goblin hits you with a +0 dagger.
The quokka bites you. The goblin barely misses you.
There is a stone staircase leading down here.
You miss the quokka. The quokka bites you. The goblin closely misses you.
You miss the quokka. The quokka closely misses you.
The goblin hits you but does no damage. The quokka bites you.
You closely miss the quokka. The goblin hits you with a +0 dagger.
The quokka bites you.
* * * LOW HITPOINT WARNING * * *
You barely miss the quokka. The quokka misses you.
The goblin hits you but does no damage. The quokka completely misses you.
The goblin closely misses you.
You climb downwards.
There is a stone staircase leading up here.
You hit the goblin.
The goblin is moderately wounded.
The quokka bites you.
You die...

#########
#....g@.#
#.#####r#
... .##.#
.# # .#
.# .#


You could see a quokka and a goblin.

Vanquished Creatures
  A bat (D:1)
  A frilled lizard (D:1)
  A kobold (D:1)
  2 rats (D:1)
5 creatures vanquished.

Notes
Turn   | Place    | Note
-------+----------+-------------------------------------------
     0 | D:1      | spiecas the Merfolk Gladiator began the quest for the Orb.
     0 | D:1      | Reached XP level 1. HP: 16/16 MP: 1/1
   327 | D:2      | Slain by a quokka

Illustrated notes

Levels and vault maps discovered:
D:1:      amcnicky_arrival_underground_garden, layout_rooms,
          chequers_serial_rivers_large_a
D:2:      layout_loops_corners

Action                   || total
-------------------------++-------
Melee: Trident           ||    24
       Punch             ||     1
Armor: Leather armour    ||    45
Dodge: Dodged            ||    81
